 Dungeon Sprint DCSS version 0.31-a0-18-gea43df2a32 (webtiles) character file.

Game seed: 12712891912255625729

3180 bmack86 the Severer (level 9, -5/92 HPs)
             Began as a Minotaur Berserker on May 10, 2023.
             Was a High Priest of Trog.
             Slain by a hog (10 damage)
             ... in the Dungeon (Sprint I: "Red Sonja").
             The game lasted 00:03:26 (481 turns).

bmack86 the Severer (Minotaur Berserker)             Turns: 481, Time: 00:03:27

Health: -5/92      AC:  4    Str: 26    XL:     9   Next: 63%
Magic:  8/8        EV: 12    Int:  4    God:    Trog [*****.]
Gold:   571        SH:  0    Dex: 10    Spells: 8/8 levels left

rFire   . . .        a - +0 hand axe
rCold   . . .        (no shield)
rNeg    . . .        k - +0 leather armour
rPois   .            (helmet restricted)
rElec   .            (no cloak)
rCorr   .            (no gloves)
SInv    .            (no boots)
Will    .....        (no amulet)
Stlth   +            (no ring)
HPRegen 0.35/turn    (no ring)
MPRegen 0.11/turn

%: no teleportation
@: on berserk cooldown, slowed, very slow
A: horns 2, retaliatory headbutt
a: Renounce Religion, Berserk, Trog's Hand, Brothers in Arms


You were in the Dungeon.
You worshipped Trog.
Trog was extremely pleased with you.
You visited 1 branch You collected 571 gold pieces.

Inventory:

Hand Weapons
 a - a +0 hand axe (weapon)
 j - a +3 dagger of speed
Armour
 b - a +0 animal skin
 k - a +0 leather armour (worn)
Jewellery
 m - a ring of ice
Wands
 i - a wand of digging (3)
 l - a wand of roots (11) (quivered)
Scrolls
 h - a scroll of blinking
Potions
 e - a potion of haste
 f - 2 potions of magic
 g - a potion of berserk rage


   Skills:
 + Level 12.9 Fighting
 * Level 17.4 Axes
 + Level 12.7 Armour
 - Level 2.1 Dodging
 - Level 8.0 Evocations


You had 8 spell levels left.
You didn't know any spells.
Your spell library was empty.

Dungeon Overview and Level Annotations

Branches:
Dungeon (1/1)

Altars:
Cheibriados
Dithmenos
Elyvilon
Fedhas
Gozag
Hepliaklqana
Kikubaaqudgha
Makhleb
Nemelex Xobeh
Okawaru
Qazlal
Ru
Sif Muna
Trog
Uskayaw
Vehumet
Wu Jian
Xom
Yredelemnul
Zin
The Shining One
Jiyva
Lugonu

Shops:
D ?


Innate Abilities, Weirdness & Mutations

You have a pair of horns on your head.
You reflexively headbutt those who attack you in melee.


Message History

The hog bites you.
* * * LOW HITPOINT WARNING * * *
You hit the hog but do no damage. You headbutt the hog!
The hog is almost dead.
The hog bites you!
* * * LOW HITPOINT WARNING * * *
You feel much better. The hog closely misses you. The hog bites you.
You hit the hog but do no damage. You headbutt the hog.
You kill the hog!
Trog accepts your kill.
You hit the hog but do no damage. The hog bites you but does no damage.
You barely miss the hog. The hog barely misses you. You furiously retaliate!
You headbutt the hog, but do no damage. You hit the hog but do no damage.
The hog closely misses you. The hog bites you.
You hit the hog. Your headbutt misses the hog.
The hog is lightly wounded.
The hog bites you.
* * * LOW HITPOINT WARNING * * *
You slash the hog! You headbutt the hog.
The hog is moderately wounded.
The hog bites you!
* * * LOW HITPOINT WARNING * * *
You slash the hog!
The hog is severely wounded.
The hog closely misses you.
You closely miss the hog. You headbutt the hog.
The hog is almost dead.
The hog barely misses you. You furiously retaliate!
You headbutt the hog. You hit the hog but do no damage.
The hog is almost dead.
The hog barely misses you. You furiously retaliate!
You headbutt the hog!
You kill the hog!
Trog accepts your kill.
You closely miss the hog. The hog closely misses you. The hog bites you!
* * * LOW HITPOINT WARNING * * *
You feel better. The hog bites you!
* * * LOW HITPOINT WARNING * * *
The hog bites you!
You die...

#######################
__#..')..§§.§§§§@hh§.§§
..'..#)..##+#§####§†§.§
__####..§+ #.# ##...#
### ##### +.# ##+# ###


You could see 2 hogs.

Vanquished Creatures
  A lindwurm (D)
  2 kobold demonologists (D)
  A slime creature (D)
  Sigmund (D)
  A yak (D)
  11 hogs (D)
  A floating eye (D)
  An ogre (D)
  A jelly (D)
  Ijyb (D)
21 creatures vanquished.

Notes
Turn   | Place    | Note
-------+----------+-------------------------------------------
     0 | D        | bmack86 the Minotaur Berserker began the quest for the Orb.
     0 | D        | Reached XP level 1. HP: 19/19 MP: 0/0
     2 | D        | Noticed Ijyb
     9 | D        | Killed Ijyb
    10 | D        | Reached skill level 5 in Fighting
    10 | D        | Reached skill level 6 in Axes
    10 | D        | Reached XP level 2. HP: 18/29 MP: 1/1
    71 | D        | Noticed an ogre
    73 | D        | Killed an ogre
    74 | D        | Reached skill level 8 in Axes
    74 | D        | Reached skill level 5 in Armour
    74 | D        | Reached XP level 3. HP: 37/37 MP: 2/2
    74 | D        | Reached XP level 4. HP: 44/44 MP: 3/3
   126 | D        | Noticed Sigmund
   131 | D        | Killed Sigmund
   131 | D        | Reached ** piety under Trog
   132 | D        | Reached skill level 10 in Axes
   132 | D        | Reached XP level 5. HP: 53/53 MP: 4/4
   179 | D        | Found a burning altar of Makhleb.
   179 | D        | Found a viscous altar of Jiyva.
   179 | D        | Found a shimmering altar of Xom.
   179 | D        | Found a corrupted altar of Lugonu.
   179 | D        | Noticed a slime creature
   183 | D        | Killed a slime creature
   184 | D        | Reached skill level 11 in Axes
   184 | D        | Reached skill level 5 in Evocations
   184 | D        | Reached XP level 6. HP: 62/62 MP: 5/5
   217 | D        | Found an ornate altar of the Wu Jian Council.
   217 | D        | Found a shimmering blue altar of Sif Muna.
   219 | D        | Found a radiant altar of Vehumet.
   280 | D        | Found Basaiwi's Magic Scroll Emporium.
   280 | D        | Found an ancient bone altar of Kikubaaqudgha.
   280 | D        | Found a hazy altar of Hepliaklqana.
   280 | D        | Found a stormy altar of Qazlal.
   280 | D        | Found a hide-covered altar of Uskayaw.
   280 | D        | Found a blossoming altar of Fedhas.
   280 | D        | Found a bloodstained altar of Trog.
   280 | D        | Found an iron altar of Okawaru.
   280 | D        | Found a basalt altar of Yredelemnul.
   280 | D        | Found a glowing golden altar of the Shining One.
   280 | D        | Found a snail-covered altar of Cheibriados.
   280 | D        | Found a sacrificial altar of Ru.
   280 | D        | Found a glowing silver altar of Zin.
   280 | D        | Found a shadowy altar of Dithmenos.
   280 | D        | Found a white marble altar of Elyvilon.
   280 | D        | Noticed a yak
   285 | D        | Killed a yak
   286 | D        | Reached skill level 12 in Axes
   286 | D        | Reached XP level 7. HP: 70/70 MP: 6/6
   286 | D        | Found an opulent altar of Gozag.
   287 | D        | Found a sparkling altar of Nemelex Xobeh.
   325 | D        | Noticed a kobold demonologist
   325 | D        | Noticed a kobold demonologist
   327 | D        | Paralysed by a floating eye for 4 turns
   329 | D        | Noticed an orange demon
   332 | D        | Noticed a rust devil
   332 | D        | Reached *** piety under Trog
   343 | D        | Killed a kobold demonologist
   344 | D        | Reached skill level 10 in Fighting
   344 | D        | Reached skill level 13 in Axes
   345 | D        | Killed a kobold demonologist
   346 | D        | Reached skill level 14 in Axes
   346 | D        | Reached skill level 10 in Armour
   346 | D        | Reached XP level 8. HP: 58/81 MP: 7/7
   398 | D        | Noticed a lindwurm
   405 | D        | Killed a lindwurm
   405 | D        | Reached **** piety under Trog
   406 | D        | Reached skill level 15 in Axes
   445 | D        | Reached XP level 9. HP: 89/89 MP: 8/8
   450 | D        | Reached skill level 16 in Axes
   451 | D        | Reached ***** piety under Trog
   457 | D        | Received a gift from Trog
   462 | D        | Reached skill level 17 in Axes
   481 | D        | Slain by a hog

Illustrated notes

Levels and vault maps discovered:
D:        dungeon_sprint_1 [red_sonja_temple_1, red_sonja_temple_small_1]

Skill      XL: |  1  2  3  4  5  6  7  8  9 |
---------------+----------------------------+-----
Fighting       | 5 6 7 8 9 10 11 12 | 12.9
Axes           | 6 8 10 11 12 14 15 17 | 17.4
Armour         | 4 5 7 8 10 11 12 | 12.7
Evocations     | 2 4 5 7 8 |  8.0
Dodging        | |  2.1

Action                     |  1- 3 |  4- 6 |  7- 9 || total
---------------------------+-------+-------+-------++-------
  Melee: Hand axe          |     6 |    15 |    53 ||    74
         Headbutt          |     2 |     6 |    17 ||    25
 Invoke: Berserk           |     2 |     3 |     3 ||     8
  Evoke: Wand              |       |       |     1 ||     1
    Use: Potion            |       |       |     2 ||     2
 Armour: Leather armour    |       |       |    13 ||    13
  Dodge: Dodged            |       |     6 |    24 ||    30

Table legend: (Time is in decaauts)
 A = Elapsed time spent in this place.
 B = Non-inter-level travel time spent in this place.
 C = Inter-level travel time spent in this place.
 D = Time resting spent in this place.
 E = Time spent auto-exploring this place.
 F = Levels seen in this place.
 G = Mean time per level.
                   A        B        C        D        E       F      G
               +--------+--------+--------+--------+--------+-----+--------+
         Total |    530 |    530 |      0 |    284 |      0 |   1 |  530.0 |
       Dungeon |    530 |    530 |      0 |    284 |      0 |   1 |  530.0 |
               +--------+--------+--------+--------+--------+-----+--------+

Top non-repeatable levels by time:
       D: 530 daAuts
